 Dungeon Crawl Stone Soup version 0.31.0-11-ge490571c62 (webtiles) character file.

Game seed: 1682703598931465179

118426 Ashen the Blocker (level 16, -5/126 HPs)
             Began as a Gnoll Enchanter on Feb 2, 2024.
             Was a Believer of Uskayaw.
             Slain by a harpy (8 damage)
             ... on level 1 of the Shoals.
             The game lasted 02:04:58 (32692 turns).

Ashen the Blocker (Gnoll Enchanter)                Turns: 32692, Time: 02:04:59

Health: -5/126     AC: 16    Str:  9    XL:     16   Next: 76%
Magic:  30/32      EV: 19    Int: 16    God:    Uskayaw [**....]
Gold:   1256       SH:  0    Dex: 18    Spells: 16/40 levels left

rFire   . . .        u - +0 dagger (elec)
rCold   + . .        (no shield)
rNeg    . . .        H - +3 leather armour {Will+}
rPois   +            I - +1 helmet {SInv}
rElec   .            o - +1 cloak {rC+}
rCorr   .            V - +2 pair of gloves
SInv    +            (no boots)
Will    ++...        R - amulet of reflection
Stlth   ++           e - ring of poison resistance
HPRegen 0.41/turn    Z - ring of flight
MPRegen 0.23/turn

%: reflection
@: confused, about to teleport, ambrosia-drunk, flying, mesmerised, studying
Shields
A: fangs 1, strong nose, distributed training
a: Renounce Religion, Stomp, Line Pass


You were on level 1 of the Shoals.
You worshipped Uskayaw.
Uskayaw was pleased with you.
You visited 5 branches of the dungeon, and saw 24 of its levels.
You also visited: Bailey, Gauntlet, Ice Cave and Volcano.

You collected 2384 gold pieces.
You spent 1128 gold pieces at shops.

Inventory:

Hand Weapons
 u - a +0 dagger of electrocution (weapon)
 w - a +1 dagger of holy wrath
 P - a +2 dagger of venom
Missiles
 b - 8 atropa-tipped darts
 v - 3 throwing nets (quivered)
Armour
 o - a +1 cloak of cold resistance (worn)
 s - a +0 troll leather armour
 H - a +3 leather armour of willpower (worn)
 I - a +1 helmet of see invisible (worn)
 U - a +2 buckler
 V - a +2 pair of gloves (worn)
Jewellery
 e - a ring of poison resistance (left hand)
 j - a +6 ring of dexterity
 G - a +5 ring of evasion
 R - an amulet of reflection (around neck)
 Z - a ring of flight (right hand)
Wands
 a - a wand of light (21)
 r - a wand of flame (40)
 x - a wand of mindburst (30)
 L - a wand of roots (10)
 N - a wand of paralysis (33)
 S - a wand of digging (3)
 X - a wand of polymorph (7)
Scrolls
 f - 11 scrolls of enchant armour
 g - 5 scrolls of poison
 h - 4 scrolls of fog {unknown}
 i - 15 scrolls of teleportation
 k - 4 scrolls of noise
 l - 4 scrolls of revelation
 y - 5 scrolls of enchant weapon
 A - 4 scrolls of blinking
 B - a scroll of summoning {unknown}
 D - 5 scrolls of vulnerability {unknown}
 K - 2 scrolls of torment
 M - a scroll of amnesia {unknown}
 Q - a scroll of acquirement {unknown}
 T - 4 scrolls of fear {unknown}
 Y - 3 scrolls of immolation {unknown}
Potions
 c - 4 potions of invisibility
 d - 2 potions of berserk rage
 m - 2 potions of attraction
 n - 8 potions of might
 p - 4 potions of brilliance
 q - 3 potions of resistance
 t - 2 potions of enlightenment
 E - 2 potions of magic
 F - a potion of haste
 J - 3 potions of mutation
 O - 4 potions of curing
 W - 2 potions of cancellation
Miscellaneous
 C - a phial of floods


   Skills:
 + Level 11.5 Fighting
 + Level 11.8 Short Blades
 + Level 11.5 Long Blades
 + Level 11.5 Axes
 + Level 11.5 Maces & Flails
 + Level 11.5 Polearms
 + Level 11.5 Staves
 + Level 11.5 Ranged Weapons
 + Level 11.5 Throwing
 + Level 11.5 Armour
 + Level 12.4 Dodging
 + Level 12.9 Stealth
 + Level 14.1 Shields
 + Level 11.5 Unarmed Combat
 + Level 12.5 Spellcasting
 + Level 9.7 Conjurations
 + Level 11.1 Hexes
 + Level 9.7 Summonings
 + Level 9.7 Necromancy
 + Level 9.7 Translocations
 + Level 9.7 Fire Magic
 + Level 9.7 Ice Magic
 + Level 9.7 Air Magic
 + Level 9.7 Earth Magic
 + Level 9.7 Alchemy
 + Level 12.5 Invocations
 + Level 11.5 Evocations
 + Level 10.6 Shapeshifting


You had 16 spell levels left.
You knew the following spells:

 Your Spells              Type           Power      Damage    Failure   Level
a - Ensorcelled Hibernat  Hex/Ice        86%        N/A       1%          2
b - Confusing Touch       Hex            45%        N/A       1%          3
c - Tukima's Dance        Hex            45%        N/A       1%          3
d - Dazzling Flash        Conj/Hex       86%        N/A       1%          3
e - Blink                 Tloc           82%        N/A       1%          2
f - Enfeeble              Hex            22%        N/A       61%         7
g - Passage of Golubria   Tloc           41%        N/A       1%          4

Your spell library contained the following spells:

 Spells                   Type           Power      Damage    Failure   Level
 Apportation              Tloc           82%        N/A       1%          1
 Foxfire                  Conj/Fire      100%       2x1d9     1%          1
 Kiss of Death            Conj/Necr      100%       2d13      1%          1
 Magic Dart               Conj           100%       1d8       1%          1
 Necrotise                Necr           100%       1d9       1%          1
 Shock                    Conj/Air       100%       1d9       1%          1
 Sting                    Conj/Alch      100%       1d9       1%          1
 Summon Small Mammal      Summ           100%       N/A       1%          1
 Call Imp                 Summ           82%        N/A       1%          2
 Mercury Vapours          Alch/Air       82%        N/A       1%          2
 Call Canine Familiar     Summ           41%        N/A       1%          3
 Fugue of the Fallen      Necr           41%        N/A       1%          3
 Mephitic Cloud           Conj/Alch/Air  41%        N/A       1%          3
 Ozocubu's Armour         Ice            41%        N/A       1%          3
 Sigil of Binding         Hex            45%        N/A       1%          3
 Stone Arrow              Conj/Erth      82%        3d12      1%          3
 Volatile Blastmotes      Fire/Tloc      82%        2d16      1%          3
 Anguish                  Hex/Necr       21%        N/A       1%          4
 Animate Armour           Summ/Erth      82%        N/A       1%          4
 Animate Dead             Necr           41%        N/A       1%          4
 Brom's Barrelling Bould  Conj/Erth      41%        2d6       1%          4
 Cause Fear               Hex            22%        N/A       1%          4
 Dimensional Bullseye     Hex/Tloc       21%        N/A       1%          4
 Dispel Undead            Necr           41%        3d16      1%          4
 Manifold Assault         Tloc           41%        N/A       1%          4
 Olgreb's Toxic Radiance  Alch           41%        N/A       1%          4
 Summon Blazeheart Golem  Fire/Summ      41%        N/A       1%          4
 Yara's Violent Unravell  Hex/Alch       21%        3d10      3%          5
 Borgnjor's Vile Clutch   Necr/Erth      20%        N/A       4%          5
 Fireball                 Conj/Fire      20%        3d10      4%          5
 Freezing Cloud           Conj/Ice/Air   20%        6-21      4%          5
 Death Channel            Necr           20%        N/A       26%         6
 Starburst                Conj/Fire      20%        6d7       26%         6
 Haunt                    Necr/Summ      20%        N/A       80%         7
 Ozocubu's Refrigeration  Ice            20%        4d12      80%         7
 Discord                  Hex            22%        N/A       99%         8
 Borgnjor's Revivificati  Necr           20%        N/A       100%        8
 Lehudib's Crystal Spear  Conj/Erth      20%        10d6      100%        8
 Maxwell's Capacitive Co  Air            20%        ∞         100%        8
 Death's Door             Necr           20%        N/A       100%        9
 Dragon's Call            Summ           20%        N/A       100%        9


Dungeon Overview and Level Annotations

Branches:
Dungeon (15/15)            Temple (1/1) D:5            Lair (5/5) D:11
 Shoals (1/4) Lair:3        Snake (0/4) Lair:2        Slime (0/5) Lair:4
    Orc (2/2) D:9             Elf (0/3) Orc:2        Vaults (0/5) D:13
 Depths (0/4) D:15         Bailey (visited)           IceCv (visited)
Volcano (visited)         Gauntlet (visited)

Altars:
Ashenzari
Cheibriados
Dithmenos
Elyvilon
Fedhas
Gozag
Hepliaklqana
Kikubaaqudgha
Makhleb
Nemelex Xobeh
Okawaru
Qazlal
Ru
Sif Muna
Trog
Uskayaw
Vehumet
Wu Jian
Xom
Yredelemnul
Zin
The Shining One
Jiyva

Shops:
D:2 *   D:14 [   Orc:2 [(*:

Portals:
Abyss: D:8
Pandemonium: Orc:2
Trove: D:15 (give +3 shadow dragon scales)

Annotations:
D:6 exclusion: statue
D:8 2 transporters, t4s4d4r's ghost, novice TeAE
D:15 1 runed translucent door, Uwkoecio's ghost, journeyman HOFi
Shoals:1 1 runed translucent door, qdestroyer's ghost, journeyman MiFi
Orc:2 Saint Roka


Innate Abilities, Weirdness & Mutations

You have very sharp teeth.
Your uncanny sense of smell can sniff out nearby items.
Your experience applies equally to all skills.


Message History

Okay, then.
Blink to where?
Press: ? - help, Dir - move target You cannot blink away from the merfolk avatar!
Blink to where?
Press: ? - help, Dir - move target
Found three items.
Found a runed translucent door.
As you read the scroll of blinking, it crumbles to dust.
The harpy is no longer blind.
The merfolk avatar chants its luring song.
Okay, then.
As you read the scroll of teleportation, it crumbles to dust.
You feel strangely unstable.
The harpy is no longer blind.
The pull of its song draws you forwards.
Found 2 gold pieces.
The harpy completely misses you. You block the harpy's attack.
The harpy barely misses you. The harpy claws you but does no damage.
The harpy claws you.
* * * LOW HITPOINT WARNING * * *
The harpy claws you.
* * * LOW HITPOINT WARNING * * *
The merfolk avatar chants its luring song.
The harpy misses you. The harpy claws you.
* * * LOW HITPOINT WARNING * * *
The water elemental closely misses you.
Okay, then.
You are confused.
You feel invigorated.
The merfolk avatar chants its luring song.
The sea snake bites you but does no damage.
The water elemental misses you.
Qdestroyer's ghost turns its malevolent gaze towards you.
The harpy is no longer blind.
The pull of its song draws you forwards.
The harpy closely misses you. The harpy claws you.
* * * LOW HITPOINT WARNING * * *
The harpy misses you. The harpy completely misses you.
The sea snake completely misses you.
The merfolk avatar chants its luring song.
The harpy claws you!
You die...

.~~~.~...........##...##.
~~~~............##..?..##
≈~~~~...........#⌠.?♣!.⌠#
≈~.~~~..$.(.....##..W..##
≈~~..~.....>.....##...##.
≈≈~...............##.##..
~~~~..~............#+#...
~..~.......)...EE........
~~...........ES@HH......
~≈...........mH.........
≈~.........tm..........
.......~~~H..........
.#....~~~~P..P.....!.
....~~~~~.P.P.......
.≈≈~..~~~......P....
..~~~....$.....


You could see a merfolk avatar (mesmerising), a sea snake, a snapping turtle
(blind, unable to see you), a merfolk, 3 water elementals, 4 harpies and
qdestroyer's ghost.

Vanquished Creatures
  Jorgrun (D:12)
  Rupert (D:13)
  Frances (D:13)
  An ironbound preserver (D:13)
  A reaper (IceCv)
  Nessos (D:13)
  A minotaur (Gauntlet)
  An ettin (D:15)
  3 demonspawn (Orc:2)
  7 hydras
  6 boulder beetles
  3 catoblepae
  A centaur warrior (D:14)
  A merfolk aquamancer (Shoals:1)
  2 death scarabs (Gauntlet)
  8 death yaks
  3 tengu warriors
  A sun demon (Volcano)
  6 orc high priests (Orc:2)
  Urug (Lair:4)
  2 soul eaters (Orc:2)
  A hell knight (D:15)
  3 skysharks
  A spectral death yak (Gauntlet)
  2 arcanists (D:13)
  A deep elf pyromancer (D:13)
  4 deep elf archers (D:14)
  2 deep elf zephyrmancers
  7 orc knights
  A wolf spider (Lair:5)
  7 orc sorcerers
  18 ugly things
  5 cyclopes
  5 manticores
  19 elephants
  10 black mambas
  A guardian serpent (Lair:5)
  A merfolk siren (Lair:3)
  A rust devil (Orc:2)
  A kobold blastminer (Orc:2)
  A smoke demon (Orc:2)
  4 gargoyles
  12 cane toads
  3 rime drakes
  A freezing wraith (IceCv)
  An unseen horror (D:12)
  A torpor snail (Gauntlet)
  3 kobold demonologists
  An efreet (D:13)
  14 komodo dragons
  An anaconda simulacrum (IceCv)
  2 tengu conjurers
  4 red devils (Volcano)
  A merfolk (Shoals:1)
  2 ice devils
  4 hornets
  4 polar bears
  8 trolls
  A wind drake (Shoals:1)
  11 blink frogs
  A spectral black mamba (Gauntlet)
  2 shadows
  14 slime creatures
  2 dire elephant simulacra (IceCv)
  3 wraiths
  17 wyverns
  50 yaks
  2 wargs
  2 redbacks (Lair:5)
  7 basilisks
  A neqoxec (Orc:2)
  3 steam dragons
  4 vampire mosquitoes (D:12)
  2 death yak simulacra (IceCv)
  4 nagas (Lair:2)
  A hydra simulacrum (IceCv)
  19 water moccasins
  A hell hound (Lair:5)
  A sky beast (D:5)
  An ice beast (D:6)
  35 orc warriors
  7 black bears
  4 ogres (Orc:1)
  19 centaurs
  A phantom (D:7)
  11 kobold brigands
  12 bullfrogs
  A cane toad simulacrum (IceCv)
  2 gnoll sergeants
  3 scorpions
  5 two-headed ogre simulacra (IceCv)
  25 wights
  17 killer bees
  5 howler monkeys
  2 hounds
  5 bombardier beetles
  21 orc priests
  2 sleepcaps (D:6)
  3 jellies
  Terence (D:3)
  3 iguanas
  15 orc wizards
  Natasha (thrice) (D:3)
  6 hell rats (Lair:5)
  A polar bear simulacrum (IceCv)
  6 troll simulacra (IceCv)
  4 spriggan simulacra (IceCv)
  Robin (D:3)
  14 gnolls
  5 adders
  7 naga simulacra (IceCv)
  10 white imps
  9 ufetubi (IceCv)
  3 ribbon worms
  3 dart slugs
  69 orcs
  7 ball pythons
  9 endoplasms
  3 giant cockroaches
  20 goblins
  9 hobgoblins
  41 kobolds
  3 quokkas
  8 bats
  4 frilled lizards
  5 rats
  A butterfly (Lair:5)
808 creatures vanquished.

Vanquished Creatures (collateral kills)
  A two-headed ogre (D:8)
  A howler monkey (D:13)
  2 kobolds (D:11)
4 creatures vanquished.

Vanquished Creatures (others)
  A yak (D:9)
  3 dancing weapons
  A kobold brigand (D:9)
  An orc (Orc:1)
6 creatures vanquished.

Grand Total: 818 creatures vanquished

Notes
Turn   | Place    | Note
-------+----------+-------------------------------------------
     0 | D:1      | Ashen the Gnoll Enchanter began the quest for the Orb.
     0 | D:1      | Reached XP level 1. HP: 13/13 MP: 6/6
   156 | D:1      | Reached XP level 2. HP: 19/19 MP: 7/7
   164 | D:1      | Learned a level 2 spell: Ensorcelled Hibernation
   335 | D:1      | Reached skill level 5 in Spellcasting
   335 | D:1      | Reached XP level 3. HP: 21/25 MP: 1/9
   837 | D:1      | Reached skill level 1 in Invocations
   980 | D:2      | Found a faded altar of an unknown god.
  1148 | D:2      | Reached skill level 1 in Fighting
  1148 | D:2      | Reached skill level 1 in Long Blades
  1148 | D:2      | Reached skill level 1 in Axes
  1148 | D:2      | Reached skill level 1 in Maces & Flails
  1148 | D:2      | Reached skill level 1 in Polearms
  1148 | D:2      | Reached skill level 1 in Staves
  1148 | D:2      | Reached skill level 1 in Ranged Weapons
  1148 | D:2      | Reached skill level 1 in Throwing
  1148 | D:2      | Reached skill level 1 in Armour
  1148 | D:2      | Reached skill level 1 in Shields
  1148 | D:2      | Reached skill level 1 in Unarmed Combat
  1148 | D:2      | Reached skill level 1 in Evocations
  1149 | D:2      | Found Inli's General Store.
  1236 | D:2      | Bought a scroll of identify for 26 gold pieces
  1307 | D:2      | Reached skill level 1 in Shapeshifting
  1307 | D:2      | Reached XP level 4. HP: 16/32 MP: 1/11
  1622 | D:3      | Noticed Terence
  1629 | D:3      | Killed Terence
  1630 | D:3      | Reached skill level 1 in Conjurations
  1630 | D:3      | Reached skill level 1 in Summonings
  1630 | D:3      | Reached skill level 1 in Necromancy
  1630 | D:3      | Reached skill level 1 in Translocations
  1630 | D:3      | Reached skill level 1 in Fire Magic
  1630 | D:3      | Reached skill level 1 in Ice Magic
  1630 | D:3      | Reached skill level 1 in Air Magic
  1630 | D:3      | Reached skill level 1 in Earth Magic
  1630 | D:3      | Reached skill level 1 in Alchemy
  1637 | D:2      | HP: 1/32 [burnt (6)]
  1764 | D:3      | Reached XP level 5. HP: 37/37 MP: 7/12
  1810 | D:3      | Noticed a centaur
  1842 | D:3      | Killed a centaur
  2088 | D:3      | Reached XP level 6. HP: 44/44 MP: 10/13
  2228 | D:3      | Noticed Robin
  2249 | D:3      | Reached skill level 5 in Dodging
  2474 | D:3      | Reached skill level 2 in Shields
  2478 | D:3      | Learned a level 3 spell: Confusing Touch
  2482 | D:3      | Learned a level 3 spell: Tukima's Dance
  2486 | D:3      | Learned a level 3 spell: Dazzling Flash
  2703 | D:3      | Killed Robin
  2839 | D:3      | Noticed Natasha
  2844 | D:3      | Killed Natasha
  2968 | D:3      | Noticed Natasha
  2974 | D:3      | Found a sacrificial altar of Ru.
  3015 | D:3      | Found a sacrificial altar of Ru.
  3042 | D:3      | Killed Natasha
  3049 | D:3      | Noticed Natasha
  3132 | D:3      | Killed Natasha
  3599 | D:4      | Found a faded altar of an unknown god.
  3716 | D:4      | Found an ancient bone altar of Kikubaaqudgha.
  3736 | D:4      | Reached XP level 7. HP: 29/51 MP: 3/15
  4160 | D:5      | Entered Level 5 of the Dungeon
  4193 | D:5      | Identified the +6 flail "Zosekerch" {vamp, Str+2}
  4275 | D:5      | Found a staircase to the Ecumenical Temple.
  4290 | D:5      | Identified the +7 falchion of the Head {flame, rN+}
  4294 | Temple   | Entered the Ecumenical Temple
  4302 | Temple   | Became a worshipper of Uskayaw the Reveller
  4388 | D:5      | Noticed a shadow
  4409 | D:5      | Reached * piety under Uskayaw
  4424 | D:5      | Killed a shadow
  4660 | D:5      | Reached skill level 3 in Shields
  4660 | D:5      | Reached XP level 8. HP: 54/58 MP: 9/16
  4903 | D:5      | Reached ** piety under Uskayaw
  5352 | D:6      | Found a radiant altar of Vehumet.
  5669 | D:6      | Reached XP level 9. HP: 60/65 MP: 14/18
  5826 | D:6      | Reached skill level 4 in Shields
  6145 | D:6      | Reached skill level 5 in Short Blades
  6241 | D:6      | Found a bloodstained altar of Trog.
  6365 | D:7      | Reached *** piety under Uskayaw
  6543 | D:7      | Found a flagged portal.
  6569 | Bailey   | Entered a bailey
  6603 | Bailey   | Found a large runed translucent door.
  6603 | Bailey   | Found a large runed translucent door.
  6603 | Bailey   | Noticed an orc knight
  6604 | Bailey   | Noticed a deep elf zephyrmancer
  6644 | Bailey   | Reached skill level 5 in Invocations
  6788 | Bailey   | Killed an orc knight
  6960 | Bailey   | Killed a deep elf zephyrmancer
  6961 | Bailey   | Reached skill level 5 in Fighting
  6961 | Bailey   | Reached skill level 5 in Long Blades
  6961 | Bailey   | Reached skill level 5 in Axes
  6961 | Bailey   | Reached skill level 5 in Maces & Flails
  6961 | Bailey   | Reached skill level 5 in Polearms
  6961 | Bailey   | Reached skill level 5 in Staves
  6961 | Bailey   | Reached skill level 5 in Ranged Weapons
  6961 | Bailey   | Reached skill level 5 in Throwing
  6961 | Bailey   | Reached skill level 5 in Armour
  6961 | Bailey   | Reached skill level 5 in Shields
  6961 | Bailey   | Reached skill level 5 in Unarmed Combat
  6961 | Bailey   | Reached skill level 5 in Evocations
  6961 | Bailey   | Reached XP level 10. HP: 74/74 MP: 15/20
  7508 | D:7      | Reached **** piety under Uskayaw
  7964 | D:8      | Reached skill level 5 in Shapeshifting
  8073 | D:8      | Noticed a two-headed ogre
  8085 | D:8      | Killed a two-headed ogre
  8155 | D:8      | Found a transporter.
  8211 | D:8      | Noticed a toenail golem
  8213 | D:8      | Found a one-way gate to the infinite horrors of the Abyss.
  8333 | D:8      | Found a transporter.
  8347 | D:8      | Noticed a toenail golem
  8489 | D:8      | Noticed t4s4d4r's ghost (novice TeAE)
  8570 | D:8      | Found a snail-covered altar of Cheibriados.
  8909 | D:9      | Reached ***** piety under Uskayaw
  9221 | D:9      | Reached skill level 6 in Shields
  9264 | D:9      | Reached skill level 5 in Conjurations
  9264 | D:9      | Reached skill level 5 in Summonings
  9264 | D:9      | Reached skill level 5 in Necromancy
  9264 | D:9      | Reached skill level 5 in Translocations
  9264 | D:9      | Reached skill level 5 in Fire Magic
  9264 | D:9      | Reached skill level 5 in Ice Magic
  9264 | D:9      | Reached skill level 5 in Air Magic
  9264 | D:9      | Reached skill level 5 in Earth Magic
  9264 | D:9      | Reached skill level 5 in Alchemy
  9287 | D:9      | Reached XP level 11. HP: 80/81 MP: 19/22
  9326 | D:9      | Found a shimmering altar of Xom.
  9664 | D:9      | Found a staircase to the Orcish Mines.
  9895 | D:10     | Entered Level 10 of the Dungeon
 11019 | D:10     | Identified the +2 pair of gloves "Cusm" {^Contam ^Drain Fly
                  | Slay+5}
 11245 | D:11     | Learned a level 2 spell: Blink
 11507 | D:11     | Found a hide-covered altar of Uskayaw.
 11636 | D:11     | Noticed a death yak
 11637 | D:11     | Found a staircase to the Lair.
 11765 | D:11     | Noticed a boulder beetle
 11785 | D:11     | Killed a boulder beetle
 12100 | D:10     | Reached skill level 7 in Shields
 12314 | Lair:1   | Entered Level 1 of the Lair of Beasts
 12361 | Lair:1   | Reached XP level 12. HP: 75/91 MP: 6/24
 13497 | Lair:2   | Noticed a death yak
 13500 | Lair:2   | Found a frozen archway.
 13510 | IceCv    | Entered an ice cave
 15209 | IceCv    | Noticed a reaper
 15227 | IceCv    | Killed a reaper
 15464 | IceCv    | Found the +8 frozen axe "Frostbite" {freeze, freezing
                  | cloud, *Noise Fly rC+}
 15581 | Lair:2   | Noticed a skyshark
 15593 | Lair:2   | Found a staircase to the Snake Pit.
 15665 | Lair:2   | Noticed a death yak
 15665 | Lair:2   | Noticed a death yak
 15665 | Lair:2   | Noticed a death yak
 15679 | Lair:2   | Killed a death yak
 15680 | Lair:2   | Reached skill level 10 in Stealth
 15680 | Lair:2   | Reached skill level 8 in Shields
 15689 | Lair:2   | Noticed a death yak
 15716 | Lair:2   | Noticed a skyshark
 15776 | Lair:2   | Killed a death yak
 15901 | Lair:2   | Reached XP level 13. HP: 98/98 MP: 17/26
 16233 | Lair:2   | Reached skill level 9 in Shields
 16506 | Lair:2   | Reached skill level 10 in Spellcasting
 17486 | Lair:3   | Reached skill level 10 in Dodging
 17713 | Lair:3   | Found a staircase to the Shoals.
 17916 | Lair:4   | Found a viscous altar of Jiyva.
 17916 | Lair:4   | Found a staircase to the Slime Pits.
 17993 | Lair:4   | Found a dark tunnel.
 17998 | Volcano  | Entered a volcano
 18184 | Volcano  | Paralysed by an orc sorcerer for 4 turns
 18622 | Lair:4   | Noticed Urug
 18629 | Lair:4   | Killed Urug
 18630 | Lair:4   | Reached skill level 10 in Shields
 19494 | Lair:5   | Entered Level 5 of the Lair of Beasts
 19497 | Lair:5   | Reached XP level 14. HP: 108/108 MP: 28/28
 19542 | Lair:5   | Reached skill level 10 in Invocations
 19790 | Lair:5   | Found a gate leading to a gauntlet.
 19802 | Gauntlet | Entered a Gauntlet
 19802 | Gauntlet | Found a transporter.
 19802 | Gauntlet | Found a transporter.
 19894 | Gauntlet | Found a transporter.
 19911 | Gauntlet | Found a transporter.
 19911 | Gauntlet | Found a transporter.
 19911 | Gauntlet | Found a transporter.
 19913 | Gauntlet | Found a transporter.
 19914 | Gauntlet | Found a transporter.
 19925 | Gauntlet | Found a transporter.
 19941 | Gauntlet | Found a transporter.
 19951 | Gauntlet | Found a transporter.
 19968 | Gauntlet | Found a transporter.
 19985 | Gauntlet | Found a transporter.
 19997 | Gauntlet | Found a transporter.
 20458 | Gauntlet | Identified the +5 ring mail "Ciem" {rPois rN+ Will++ rCorr}
 20458 | Gauntlet | Identified the +4 dire flail of Focus {venom, *Rage Fly
                  | Will+++ Dex-5}
 20912 | Lair:5   | Reached skill level 11 in Shields
 20913 | Lair:5   | Reached skill level 10 in Short Blades
 21815 | Lair:5   | Got Sif Muna's Codex of Battling
 21860 | Lair:5   | Reached skill level 10 in Hexes
 22177 | Lair:5   | Reached skill level 10 in Fighting
 22177 | Lair:5   | Reached skill level 10 in Long Blades
 22177 | Lair:5   | Reached skill level 10 in Axes
 22177 | Lair:5   | Reached skill level 10 in Maces & Flails
 22177 | Lair:5   | Reached skill level 10 in Polearms
 22177 | Lair:5   | Reached skill level 10 in Staves
 22177 | Lair:5   | Reached skill level 10 in Ranged Weapons
 22177 | Lair:5   | Reached skill level 10 in Throwing
 22177 | Lair:5   | Reached skill level 10 in Armour
 22177 | Lair:5   | Reached skill level 10 in Unarmed Combat
 22177 | Lair:5   | Reached skill level 10 in Evocations
 22710 | Lair:5   | Reached XP level 15. HP: 115/115 MP: 26/30
 22963 | Lair:5   | Reached skill level 12 in Shields
 23181 | Orc:1    | Entered Level 1 of the Orcish Mines
 23565 | Orc:2    | Entered Level 2 of the Orcish Mines
 23826 | Orc:2    | Found Goacveg's General Store.
 23845 | Orc:2    | Found Qobafue's Magic Scroll Emporium.
 24566 | Orc:2    | Noticed Saint Roka
 24779 | Orc:2    | Bought a scroll of teleportation for 33 gold pieces
 24779 | Orc:2    | Bought a scroll of teleportation for 33 gold pieces
 24779 | Orc:2    | Bought a scroll of enchant armour for 82 gold pieces
 24779 | Orc:2    | Bought a scroll of enchant weapon for 82 gold pieces
 24779 | Orc:2    | Bought a scroll of identify for 22 gold pieces
 24779 | Orc:2    | Bought a scroll of revelation for 82 gold pieces
 24779 | Orc:2    | Bought a scroll of revelation for 82 gold pieces
 24779 | Orc:2    | Bought a scroll of identify for 22 gold pieces
 24779 | Orc:2    | Bought a scroll of noise for 11 gold pieces
 24779 | Orc:2    | Bought a scroll of torment for 104 gold pieces
 24781 | Orc:2    | Bought a potion of curing for 45 gold pieces
 25013 | Orc:2    | Found a staircase to the Elven Halls.
 25073 | Orc:2    | Found Zumashrue's Antique Armour Emporium.
 25310 | Orc:2    | Reached ****** piety under Uskayaw
 25323 | Orc:2    | HP: 2/117 [sun demon[an orc high priest] (14)]
 26646 | Orc:2    | Found Zoikh's Book Boutique.
 26646 | Orc:2    | Found Ighieqerr's Antique Weapon Shop.
 26647 | Orc:2    | Found a one-way gate leading to the halls of Pandemonium.
 26699 | Orc:2    | Bought a book of Hexes for 504 gold pieces
 26707 | Orc:2    | Learned a level 7 spell: Enfeeble
 26712 | Orc:2    | Learned a level 4 spell: Passage of Golubria
 27797 | D:12     | Noticed Jorgrun
 27815 | D:12     | Killed Jorgrun
 27816 | D:12     | Reached skill level 13 in Shields
 28291 | D:12     | Reached skill level 10 in Shapeshifting
 28534 | D:13     | Noticed Nessos
 28550 | D:13     | Killed Nessos
 28636 | D:13     | Noticed Frances
 28828 | D:12     | Reached XP level 16. HP: 124/124 MP: 27/32
 28909 | D:13     | Noticed Rupert
 28917 | D:13     | Killed Rupert
 28999 | D:13     | Found a gate to the Vaults.
 29387 | D:13     | Killed Frances
 30868 | D:14     | Found Umiaguov's Armour Shoppe.
 31096 | D:15     | Entered Level 15 of the Dungeon
 31554 | D:15     | Found a runed translucent door.
 31555 | D:15     | Noticed Uwkoecio's ghost (journeyman HOFi)
 31556 | D:15     | Identified the +6 spear of the Nexus {flame, *Corrode rPois
                  | rN+}
 31587 | D:15     | Reached skill level 14 in Shields
 31678 | D:15     | Found a staircase to the Depths.
 32006 | D:15     | Found a portal to a secret trove of treasure.
 32324 | Shoals:1 | Entered Level 1 of the Shoals
 32689 | Shoals:1 | Found a runed translucent door.
 32689 | Shoals:1 | Noticed qdestroyer's ghost (journeyman MiFi)
 32690 | Shoals:1 | HP: 3/126 [harpy (5)]
 32690 | Shoals:1 | HP: 1/126 [harpy (2)]
 32692 | Shoals:1 | Slain by a harpy

Illustrated notes

Levels and vault maps discovered:
D:1:      amcnicky_arrival_flooded_fountain, layout_loops_cross,
          palyth_stone_intersect
D:2:      layout_basic, serial_shops, shop, shapermc_ecumenical_altar_gd
D:3:      layout_rooms, mainiacjoe_overflow_24_doors, uniq_natasha, uniq_robin,
          uniq_terence
D:4:      layout_cave_pools, nicolae_kikubaaqudgha_miasma_corner,
          serial_column_ruins, column_ruins_temple_circle,
          column_ruins_hut_ruined, column_ruins_grid_3, column_ruins_grid_1,
          column_ruins_grid_3, column_ruins_grid_1, column_ruins_grid_2,
          column_ruins_grid_3, column_ruins_open_medium
D:5:      layout_basic, temple_fountains
D:6:      layout_loops_ring, kennysheep_mini, vehumet_statue
D:7:      layout_loops_ring, lightli_bailey_entry_fortress
D:8:      layout_rooms, cheibrodos_worm_habitat, gammafunk_ghost_abyssal_escape
D:9:      layout_basic, xom_confusion_cloud, orc_0_dummy
D:10:     layout_gridville
D:11:     layout_long_grid, david_lair_generic,
          nicolae_uskayaw_murder_on_the_dancefloor
D:12:     layout_loops_cross, minmay_hedge_maze, uniq_jorgrun
D:13:     layout_cave_pools, skrybe_vaults_entry_preservation, uniq_frances,
          uniq_rupert, uniq_nessos
D:14:     layout_cave_pools, minmay_strange_pillars, serial_shops, shop
D:15:     hangedman_depths_entry_civil_slaughter, layout_rooms,
          nicolae_trove_entry_diagonal, columned_hall_lemuel,
          ebering_ghost_funeral_grove, nrook_uturn
Temple:   compressed_dpeg_triangle_lava_temple
Lair:1:   layout_cave_pods
Lair:2:   layout_roguey, minmay_snake_entry_guardpost_medium,
          portal_ice_cave_entry_pillars_1, grunt_megastairs_3
Lair:3:   layout_long_grid, minmay_shoals_entry_lonely_mermaid, serial_rivers,
          chequers_serial_rivers_small_3, chequers_serial_rivers_micro_a,
          chequers_serial_rivers_micro_b, chequers_serial_rivers_room_b,
          chequers_serial_rivers_room_a, chequers_serial_rivers_micro_c,
          cheibrodos_lair_lostbears, infiniplex_staircase_pool_2
Lair:4:   layout_cave_pods, slime_entry_1, nicolae_volcano_entry_s_turn,
          serial_bayou_pond_d, uniq_urug
Lair:5:   hangedman_lair_tendril_chambers, layout_cave_pods, special_room
          [special_room_mythical_zoo], gauntlet_entry_generic,
          lemuel_fruit_fields
Shoals:1: layout_shoals, hellmonk_ghost_happy_afterlife
Orc:1:    layout_diamond_mine
Orc:2:    pf_orc_diabolical, layout_diamond_mine, serial_shops, shop,
          uniq_saint_roka

Skill      XL: |  1  2  3  4  5  6  7  8  9 10 11 12 13 14 15 16 |
---------------+-------------------------------------------------+-----
Spellcasting   | 5 6 7 8 9 10 11 12 | 12.5
Stealth        | 6 7 8 9 10 11 12 | 12.9
Invocations    | 1 2 3 4 5 6 7 8 9 10 11 12 | 12.5
Fighting       | 1 2 3 5 6 7 8 9 10 11 | 11.5
Long Blades    | 1 2 3 5 6 7 8 9 10 11 | 11.5
Axes           | 1 2 3 5 6 7 8 9 10 11 | 11.5
Maces & Flails | 1 2 3 5 6 7 8 9 10 11 | 11.5
Polearms       | 1 2 3 5 6 7 8 9 10 11 | 11.5
Staves         | 1 2 3 5 6 7 8 9 10 11 | 11.5
Ranged Weapons | 1 2 3 5 6 7 8 9 10 11 | 11.5
Throwing       | 1 2 3 5 6 7 8 9 10 11 | 11.5
Armour         | 1 2 3 5 6 7 8 9 10 11 | 11.5
Shields        | 1 2 3 5 6 7 8 10 11 13 14 | 14.1
Unarmed Combat | 1 2 3 5 6 7 8 9 10 11 | 11.5
Evocations     | 1 2 3 5 6 7 8 9 10 11 | 11.5
Shapeshifting  | 1 2 3 4 5 6 7 8 9 10 | 10.6
Conjurations   | 1 2 3 4 5 6 7 8 9 |  9.7
Summonings     | 1 2 3 4 5 6 7 8 9 |  9.7
Necromancy     | 1 2 3 4 5 6 7 8 9 |  9.7
Translocations | 1 2 3 4 5 6 7 8 9 |  9.7
Fire Magic     | 1 2 3 4 5 6 7 8 9 |  9.7
Ice Magic      | 1 2 3 4 5 6 7 8 9 |  9.7
Air Magic      | 1 2 3 4 5 6 7 8 9 |  9.7
Earth Magic    | 1 2 3 4 5 6 7 8 9 |  9.7
Alchemy        | 1 2 3 4 5 6 7 8 9 |  9.7
Short Blades   | 3 4 5 6 7 8 9 10 11 | 11.8
Dodging        | 5 6 7 8 9 10 11 12 | 12.4
Hexes          | 6 7 8 9 10 11 | 11.1

Action                     |  1- 3 |  4- 6 |  7- 9 | 10-12 | 13-15 | 16-18 || total
---------------------------+-------+-------+-------+-------+-------+-------++-------
  Melee: Dagger            |   113 |   118 |   175 |   846 |   937 |   280 ||  2469
         Bite              |     8 |     6 |    23 |   146 |   134 |    43 ||   360
         Punch             |     1 |     1 |     3 |    56 |    73 |    28 ||   162
  Throw: Throwing net      |       |       |       |       |     1 |       ||     1
   Cast: Ensorcelled Hiber |    28 |    62 |    41 |   126 |   142 |    15 ||   414
         Confusing Touch   |       |       |     8 |    75 |    37 |     4 ||   124
         Tukima's Dance    |       |       |     2 |     9 |     8 |     6 ||    25
         Dazzling Flash    |       |       |     1 |    24 |   159 |    52 ||   236
         Blink             |       |       |       |       |     6 |     1 ||     7
         Passage of Golubr |       |       |       |       |     4 |       ||     4
  Evoke: Wand              |       |       |     1 |       |     1 |       ||     2
    Use: Scroll            |     1 |       |       |     8 |     2 |     7 ||    18
         Potion            |       |       |     4 |       |     4 |     1 ||     9
   Stab: Sleeping          |    23 |    39 |    42 |    74 |    83 |    18 ||   279
         Distracted        |       |     1 |     2 |     2 |     6 |     1 ||    12
         Confused          |       |       |     9 |    46 |    35 |     5 ||    95
         Invisible         |       |       |     1 |    18 |   109 |    45 ||   173
         Paralysed         |       |       |       |    28 |    63 |    16 ||   107
         Held in net/web   |       |       |       |       |     1 |       ||     1
 Armour: Robe              |    43 |    66 |   101 |       |       |       ||   210
         Leather armour    |       |       |       |   264 |   296 |    88 ||   648
  Dodge: Dodged            |    59 |   118 |   130 |   720 |   759 |   251 ||  2037
  Block: Other             |       |       |       |    36 |   167 |    49 ||   252
         Reflection        |       |       |       |     1 |     5 |    12 ||    18
